 Dungeon Crawl Stone Soup version 0.31-a0-699-g830162fb6c (webtiles) character file.

Game seed: 16738892808703401682

300 qw the Shooter (level 6, 0/38 HPs)
             Began as a Gargoyle Hunter on Sept 7, 2023.
             Slain by an adder (3 damage)
             ... on level 4 of the Dungeon.
             The game lasted 00:00:56 (1849 turns).

qw the Shooter (Gargoyle Hunter)                    Turns: 1849, Time: 00:00:56

Health: 0/38       AC:  9    Str: 19    XL:     6   Next: 36%
Magic:  5/5        EV: 11    Int:  8    God:
Gold:   130        SH:  0    Dex: 14    Spells: 5/5 levels left

rFire   . . .        Y - +1 shortbow
rCold   . . .        (shield currently unavailable)
rNeg    + . .        d - +0 ring mail
rPois   inf          (no helmet)
rElec   +            (no cloak)
rCorr   .            (no gloves)
SInv    .            (no boots)
Will    +....        (no amulet)
Stlth   +            (no ring)
HPRegen 0.26/turn    (no ring)
MPRegen 0.09/turn

%: no passive effects
@: no status effects
A: sickness immunity, AC +4, negative energy resistance 1, electricity
resistance, torment resistance 1, petrification resistance, low MP 1,
strong-willed 1, strong 1
a: no special abilities


You were on level 4 of the Dungeon.
You visited 1 branch of the dungeon, and saw 4 of its levels.

You collected 130 gold pieces.


Innate Abilities, Weirdness & Mutations

You are immune to sickness and miasma.
Your stone body is resilient. (AC +4)
You are immune to poison.
You resist negative energy. (rN+)
You are resistant to electric shocks. (rElec)
You are resistant to unholy torment.
You are immune to petrification.
Your magical capacity is low. (-10% MP)
You are strong-willed. (Will+)
Your muscles are strong. (Str +4, Int/Dex -1)


   Skills:
 - Level 4.2 Fighting
 + Level 6.5 Ranged Weapons
 - Level 1.0 Armour
 - Level 1.5 Dodging
 - Level 1.1 Stealth


You had 5 spell levels left.
You didn't know any spells.
Your spell library was empty.

Inventory:

Hand Weapons
 Y - a +1 shortbow (weapon)
Armour
 d - a +0 ring mail (worn)
Scrolls
 a - 3 scrolls of identify
Potions
 e - a potion of mutation
 g - a potion of cancellation
 h - 2 potions of curing

Dungeon Overview and Level Annotations

Branches:
Dungeon (4/15)
 Temple: D:4-7

Altars:
Makhleb
Sif Muna
Uskayaw
Yredelemnul
The Shining One


Message History

The hound skeleton bites you but does no damage.
The adder bites you but does no damage. The bullfrog zombie closely misses you.
The hound skeleton barely misses you. The adder bites you but does no damage.
You shoot an arrow. The arrow hits the hound skeleton.
The hound skeleton is almost destroyed.
The bullfrog zombie closely misses you.
The hound skeleton bites you but does no damage.
The adder bites you but does no damage. The bullfrog zombie misses you.
You shoot an arrow. The arrow hits the hound skeleton!
You destroy the hound skeleton!
The adder barely misses you.
The bullfrog zombie hits you but does no damage.
The adder bites you but does no damage.
You shoot an arrow. The arrow hits the bullfrog zombie.
The bullfrog zombie is lightly damaged.
The bullfrog zombie hits you but does no damage.
The adder bites you but does no damage.
The bullfrog zombie hits you but does no damage.
You shoot an arrow. The arrow hits the bullfrog zombie.
The bullfrog zombie is moderately damaged.
The adder barely misses you. The bullfrog zombie closely misses you.
The adder bites you but does no damage.
You shoot an arrow. The arrow hits the bullfrog zombie!
The bullfrog zombie is heavily damaged.
The bullfrog zombie barely misses you. The adder bites you.
The bullfrog zombie barely misses you.
You shoot an arrow. The arrow hits the bullfrog zombie.
The bullfrog zombie is severely damaged.
The adder misses you.
The bullfrog zombie hits you but does no damage.
The adder barely misses you.
You shoot an arrow. The arrow hits the bullfrog zombie!
The bullfrog zombie is almost destroyed.
The bullfrog zombie hits you but does no damage.
The adder bites you.
The bullfrog zombie hits you but does no damage.
You shoot an arrow.
The arrow closely misses the bullfrog zombie.
The adder bites you.
You die...

.. ##.......##..
..#######.###......#
...#8.8..# #...P...
# #.....8###.P..P.##
.. #.P.......P.P.###
#. #.P.88.######## #
#..#####..#.....###
# #...#......###...#
## #....@.#####
###.####. #.#.SZ##
#....#. .......##
####... .##..#. ###.
#P... #. #..~. #.
#~~~~ #. #P~~~ ..
..~~~ ..


You could see an adder and a bullfrog zombie.

Vanquished Creatures
  2 water moccasin zombies (D:4)
  A hound (D:3)
  A centaur skeleton (D:4)
  A hound skeleton (D:4)
  2 howler monkey zombies (D:4)
  3 adders
  An adder skeleton (D:4)
  4 dart slugs
  2 orcs
  3 ball pythons
  6 endoplasms
  A giant cockroach (D:1)
  6 goblins
  3 hobgoblins
  6 kobolds
  2 quokkas
  7 bats
  4 frilled lizards
  7 rats
62 creatures vanquished.

Notes
Turn   | Place    | Note
-------+----------+-------------------------------------------
     0 | D:1      | qw the Gargoyle Hunter began the quest for the Orb.
     0 | D:1      | Reached XP level 1. HP: 12/12 MP: 1/1
     0 | D:1      | 0 ||| qw: Version: 0.3-a-76-g4403597
     0 | D:1      | 0 ||| qw: Game counter: 401
     0 | D:1      | 0 ||| qw: Melee chars always use a shield: true
     0 | D:1      | 0 ||| qw: God list: Okawaru
     0 | D:1      | 0 ||| qw: Allow faded altars: false
     0 | D:1      | 0 ||| qw: Do Orc after clearing Dungeon:15 true
     0 | D:1      | 0 ||| qw: Do second Lair branch before Depths: true
     0 | D:1      | 0 ||| qw: Lair rune preference: random
     0 | D:1      | 0 ||| qw: Goals: Normal
     0 | D:1      | 0 ||| PLANNING D:1-11
   136 | D:1      | Reached XP level 2. HP: 17/17 MP: 2/2
   538 | D:1      | Reached XP level 3. HP: 21/21 MP: 3/3
   688 | D:1      | 688 ||| READING 3 scrolls labelled NUGOWN URAG.
   689 | D:1      | 689 ||| READING scroll labelled FUZUSSAMUWN.
   690 | D:1      | 690 ||| READING scroll labelled FAIKLE ONUREN.
   691 | D:1      | 691 ||| READING scroll labelled XOFOCI ZODI.
   692 | D:1      | 692 ||| READING scroll labelled GULIEW BUICU.
   693 | D:1      | 693 ||| DRINKING 2 glowing blue potions.
   694 | D:1      | 694 ||| READING 2 scrolls of identify.
   694 | D:1      | 694 ||| IDENTIFYING white potion
   695 | D:1      | 695 ||| DROPPING scroll of butterflies.
   741 | D:2      | Reached skill level 5 in Ranged Weapons
   857 | D:2      | Reached skill level 3 in Fighting
   861 | D:2      | Reached XP level 4. HP: 17/28 MP: 4/4
   947 | D:2      | Found a burning altar of Makhleb.
  1136 | D:2      | 1136 ||| UPGRADING to +0 ring mail.
  1146 | D:2      | 1146 ||| DROPPING +0 leather armour.
  1147 | D:2      | 1147 ||| DRINKING 2 green potions.
  1147 | D:2      | Gained mutation: Your magical capacity is low. (-10% MP)
                  | [potion of mutation]
  1147 | D:2      | Gained mutation: Your muscles are strong. (Str +4, Int/Dex
                  | -1) [potion of mutation]
  1147 | D:2      | Gained mutation: You are strong-willed. (Will+) [potion of
                  | mutation]
  1148 | D:2      | 1148 ||| READING 3 scrolls of identify.
  1148 | D:2      | 1148 ||| IDENTIFYING murky dark potion
  1149 | D:2      | 1149 ||| DROPPING potion of attraction.
  1292 | D:3      | Reached skill level 1 in Armour
  1319 | D:3      | Found a hide-covered altar of Uskayaw.
  1466 | D:3      | Found a glowing golden altar of the Shining One.
  1477 | D:3      | Found a basalt altar of Yredelemnul.
  1481 | D:3      | Noticed a profane servitor
  1502 | D:3      | Reached XP level 5. HP: 32/32 MP: 4/4
  1562 | D:3      | Found a shimmering blue altar of Sif Muna.
  1626 | D:3      | Noticed an angel
  1628 | D:3      | 1628 ||| READING scroll labelled LUNURE ORRIVEST.
  1629 | D:3      | 1629 ||| READING 4 scrolls of identify.
  1629 | D:3      | 1629 ||| IDENTIFYING cyan potion
  1630 | D:3      | 1630 ||| DROPPING potion of brilliance.
  1688 | D:4      | Reached skill level 6 in Ranged Weapons
  1804 | D:4      | Reached XP level 6. HP: 37/37 MP: 5/5
  1829 | D:4      | 1829 ||| Stepping ~*~*~tactically~*~*~ (retreating).
  1833 | D:4      | HP: 8/38 [bullfrog zombie (2)]
  1837 | D:4      | HP: 3/38 [adder (2)]
  1846 | D:4      | HP: 3/38 [adder (3)]
  1849 | D:4      | Slain by an adder

Levels and vault maps discovered:
D:1:      zelgadis_glass_arrival_small, layout_loops_ring
D:2:      layout_rooms, basic_altar
D:3:      layout_rooms, grunt_temple_overflow_holy_war,
          mainiacjoe_overflow_surrounded_room, lemuel_coloured_pillars_altar
D:4:      layout_rooms, serial_undead, serial_undead_e, serial_undead_b,
          serial_undead_d, serial_undead_f, serial_undead_c, serial_undead_e,
          serial_undead_a, serial_undead_b, dk_noncrumbling_4, bh_walls_and_bars

Skill      XL: |  1  2  3  4  5  6 |
---------------+-------------------+-----
Ranged Weapons | 5 6 |  6.5
Fighting       | 3 4 |  4.2
Armour         | 1 |  1.0
Dodging        | |  1.5
Stealth        | |  1.1

Action                     |  1- 3 |  4- 6 || total
---------------------------+-------+-------++-------
   Fire: Shortbow          |   101 |   127 ||   228
    Use: Scroll            |     6 |     3 ||     9
         Potion            |     1 |     1 ||     2
 Armour: Leather armour    |    33 |     1 ||    34
         Ring mail         |       |    96 ||    96
  Dodge: Dodged            |    35 |    90 ||   125

Table legend:
 A = Non-vault XP
 B = Vault XP
 C = Vault XP percentage of total XP
 D = Non-vault monster count
 E = Vault monster count
 F = Vault count percentage of total count
                 A         B        C        D         E       F
            +---------+---------+-------+---------+---------+-------
      Total |     179 |     250 |  58.3 |      55 |       7 |  11.3
            +---------+---------+-------+---------+---------+-------
        D:1 |      34 |       0 |   0.0 |      18 |       0 |   0.0
        D:2 |      57 |       0 |   0.0 |      18 |       0 |   0.0
        D:3 |      83 |       0 |   0.0 |      17 |       0 |   0.0
        D:4 |       5 |     250 |  98.0 |       2 |       7 |  77.8
            +---------+---------+-------+---------+---------+-------
